AoeStats
← SigmaGoon18

Nomad

508583689Analyzed
4v4 RM · 8d ago on Sep 23, 2026· 46m 33s· 8 players
Game mode
Random Map
Map size
231×231
Population
200
Speed
Normal
Resources
Standard
Victory
Conquest
Starting age
Dark Age
Ending age
Imperial Age
RankedLock teamsTeams togetherTeam positionsShared explorationLock speedFull tech treeHidden civsTurbo modeCheats
Victory
Defeat
🇺🇸 Danes · United States
1148
+10
🇺🇸 Wei · United States
1072
+13
🇨🇳 Mongols · China
1053
+14
🇸🇪 Goths · Sweden
957
+18
🇦🇷 Bengalis · Argentina
1040
-15
🇺🇸 Varangians · United States
1031
-15
🇺🇸 Magyars · United States
1030
-15
🇧🇷 Malians · Brazil
923
-10
Teliot
4:15 Loom
14:06 Feudal Age
14:35 Double-Bit Axe
SigmaGoon18
8:48 Loom
16:41 Feudal Age
17:15 Double-Bit Axe
Séneca
6:27 Loom
15:38 Feudal Age
19:44 Castle Age
18:42 Fletching
21:29 Gold Mining
22:03 Double-Bit Axe
23:28 Gold Shaft Mining
26:03 Bow Saw
30:43 Wheelbarrow
31:08 Bodkin Arrow
37:47 Imperial Age
41:16 Conscription
Robert
4:10 Loom
16:04 Feudal Age
16:31 Man-at-Arms
16:58 Arson
17:32 Double-Bit Axe
17:52 Scale Mail Armor
18:08 Fishing Lines
18:52 Forging
20:01 Horse Collar
24:23 Castle Age
22:34 Stone Mining
22:38 Gold Mining
23:37 Fletching
26:51 Elite Skirmisher
36:53 Squires
Prince of Hell
5:07 Loom
14:01 Feudal Age
18:02 Castle Age
16:19 Stone Mining
16:57 Double-Bit Axe
19:37 Bow Saw
19:55 Squires
19:45 Arson
22:40 Horse Collar
23:46 Fletching
24:10 Town Watch
24:27 Heavy Plow
24:55 Forging
24:55 Hamask
29:15 Scale Mail Armor
30:52 Chain Mail Armor
30:41 Gambesons
32:18 Iron Casting
32:55 Gold Mining
36:58 Wheelbarrow
39:44 Imperial Age
40:02 Hand Cart
39:49 Onager
41:59 Blast Furnace
42:44 Siege Onager
43:56 Conscription
44:41 Siege Engineers
44:15 Northmen's Fury
46:12 Plate Mail Armor
45:55 Bodkin Arrow
JustOutOfRange
4:18 Loom
14:36 Feudal Age
15:15 Double-Bit Axe
17:15 Fletching
21:37 Horse Collar
21:50 Gold Mining
21:55 Stone Mining
24:09 Wheelbarrow
23:21 Town Watch
28:45 Castle Age
27:12 Bloodlines
27:57 Scale Barding Armor
28:02 Forging
33:24 Imperial Age
32:00 Gold Shaft Mining
32:01 Stone Shaft Mining
31:43 Husbandry
32:43 Bow Saw
32:36 Heavy Plow
34:35 Sanctity
34:27 Fervor
35:12 Hand Cart
36:03 Chain Barding Armor
36:18 Iron Casting
36:09 Bodkin Arrow
36:46 Ballistics
35:57 Light Cavalry
39:32 Devotion
40:25 Bracer
43:02 Husbandry
42:22 Heavy Hei Guang Cavalry
43:44 Hussar
46:51 Chain Barding Armor
47:06 Iron Casting
Mucklan
17:41 Feudal Age
18:11 Loom
19:14 Wheelbarrow
19:22 Town Watch
21:54 Castle Age
19:40 Man-at-Arms
21:51 Forging
21:43 Scale Mail Armor
24:03 Horse Collar
34:39 Fletching
49:37 Imperial Age
46:54 Town Watch
47:27 Hand Cart
火枪
6:00 Loom
15:14 Feudal Age
16:20 Town Watch
19:39 Castle Age
17:50 Double-Bit Axe
17:57 Stone Mining
22:54 Fletching
27:24 Horse Collar
27:55 Bow Saw
28:47 Bodkin Arrow
31:57 Padded Archer Armor
31:50 Gold Mining
33:34 Wheelbarrow
33:00 Heavy Plow
33:38 Gold Shaft Mining
33:39 Stone Shaft Mining
33:20 Leather Archer Armor
41:15 Imperial Age
40:48 Hand Cart
42:12 Elite Mangudai
44:12 Bracer
44:35 Ballistics
45:15 Chemistry
45:12 Conscription
47:02 Drill
Connection lost

Rejoining the realm…

Still unreachable

The connection could not be restored.

Session expired

The server has moved on; the page needs a fresh start.